Map: Eternal Empire LE

Players

AvrilLavigne

  • Race: Terran Terran
  • League: Master
  • Spawn Location: 1:00

MikeHawk - Winner!

  • Race: Terran Terran
  • League: Master
  • Spawn Location: 7:00

VOD

Have the link to the VOD?

Description

Time

  • Played on: Dec. 20, 2019, 1:49 p.m.
  • Length: 5:40
Show
View Real Time Build Order
Export as new Build Order

AvrilLavigne Terran 

Build Orders: 1/1/1 

Get SALT Encoding   

  12  0:01  SCV  
  13  0:13  SCV  
  14  0:17  Supply Depot  
  14  0:25  SCV  
  15  0:30  Refinery  
  15  0:39  SCV  
  16  0:51  Barracks  
  16  0:57  SCV  
  16  1:01  Refinery  
  17  1:10  SCV  
  18  1:22  SCV  
  19  1:38  Reaper  
  19  1:39  Factory  
  20  1:42  Orbital Command  
  20  1:52  Supply Depot  
  20  2:08  SCV  
  21  2:10  Reaper  
  22  2:20  SCV  
  23  2:25  Hellion  
  23  2:27  Starport  
  26  2:37  SCV, Supply Depot  
  26  2:44  Barracks Reactor  
  26  2:49  Factory Tech Lab  
  26  2:52  SCV  
  27  3:08  Siege Tank  
  27  3:12  SCV  
  31  3:30  Viking x2  
  35  3:35  Supply Depot  
  34  3:42  Siege Tank  
  37  3:55  SCV  
  38  4:14  Siege Tank  
  38  4:15  Viking  
  36  4:46  Viking  
  36  4:51  Viking  
Show
View Real Time Build Order
Export as new Build Order

MikeHawk Terran - Winner!

Build Orders: Cyclone Opening 

Get SALT Encoding   

  12  0:00  SCV  
  13  0:13  SCV  
  14  0:17  Supply Depot  
  14  0:25  SCV  
  15  0:32  Refinery  
  15  0:39  SCV  
  16  0:43  Barracks  
  16  0:51  SCV  
  17  1:03  SCV  
  18  1:15  SCV  
  19  1:30  Orbital Command, Reaper  
  20  1:51  Bunker  
  20  1:55  Bunker  
  20  1:56  SCV  
  21  2:01  Factory, Refinery  
  21  2:02  Marine  
  21  2:08  SCV  
  23  2:10  Supply Depot  
  23  2:28  Barracks Tech Lab  
  23  2:32  SCV  
  24  2:44  SCV  
  24  2:51  Starport  
  24  2:55  Supply Depot  
  24  2:56  SCV  
  26  2:59  Cyclone  
  29  3:08  SCV  
  29  3:14  Barracks Reactor  
  29  3:20  SCV  
  29  3:27  Viking  
  29  3:31  Supply Depot  
  29  3:32  SCV  
  32  3:39  Siege Tank  
  35  4:06  Viking x2  
  35  4:09  Command Center, Marine  
  40  4:15  Supply Depot  
  40  4:27  Marine  
  41  4:32  Bunker  
  41  4:36  Viking x2  
  45  4:40  SCV  
  46  4:51  Marine  
  47  4:59  Factory Tech Lab  
  49  5:22  SCV  
Tags
 
Add a new tag
Caveats
  • Supply blocks, unpowered buildings, or Contaminate may cause inaccurate times.
  • Supply counts are checked every 10 seconds.